 Dungeon Sprint DCSS version 0.31.0-4-g52a2dc7128 (webtiles) character file.

Game seed: 3437051714754466561

5300 Groucho the Minotaur Cataclysm (level 10, -8/100 HPs)
             Began as a Minotaur Fighter on Jan 21, 2024.
             Was a High Priest of Qazlal.
             Collided with a stone wall (10 damage)
             ... after being knocked back by a deep elf knight
             ... in the Dungeon (Sprint III: "The Ten Rune Challenge").
             The game lasted 00:08:11 (2880 turns).

Groucho the Minotaur Cataclysm (Minotaur Fighter)   Turns: 2880, Time: 00:08:12

Health: -8/100     AC: 12    Str: 26    XL:     10   Next: 37%
Magic:  4/19       EV: 10    Int:  5    God:    Qazlal [*****.]
Gold:   1434       SH: 18    Dex:  7    Spells: 9/9 levels left

rFire   . . .        a - +0 flail
rCold   . . .        c - +0 buckler
rNeg    . . .        b - +0 scale mail
rPois   .            (helmet restricted)
rElec   .            (no cloak)
rCorr   .            (no gloves)
SInv    .            (no boots)
Will    .....        j - amulet of reflection Stlth
                     f - +4 ring of slaying
HPRegen 0.36/turn    (no ring)
MPRegen 0.16/turn

%: no teleportation, repel missiles, reflection
@: protected from physical damage
A: horns 2, retaliatory headbutt, clumsy 1
a: Renounce Religion, Upheaval, Elemental Force, Disaster Area


You were in the Dungeon.
You worshipped Qazlal.
Qazlal was extremely pleased with you.
You visited 1 branch You collected 2946 gold pieces.
You spent 1512 gold pieces at shops.

Inventory:

Hand Weapons
 a - a +0 flail (weapon)
Armour
 b - a +0 scale mail (worn)
 c - a +0 buckler (worn)
Jewellery
 f - a +4 ring of slaying (left hand)
 j - an amulet of reflection (around neck)
Wands
 l - a wand of flame (29)
 s - a wand of polymorph (8)
Scrolls
 n - a scroll of torment {unknown}
 o - a scroll of enchant weapon {unknown}
 p - a scroll of poison {unknown}
 q - a scroll of identify {unknown}
Potions
 d - a potion of might
 e - a potion of curing
 g - a potion of haste
 h - 2 potions of magic
 i - a potion of berserk rage
 k - a potion of resistance {unknown}
 m - 5 potions of mutation
 r - 2 potions of enlightenment


   Skills:
 + Level 12.8 Fighting
 + Level 12.6 Maces & Flails
 + Level 12.5 Armour
 + Level 12.5 Shields
 * Level 14.5 Invocations


You had 9 spell levels left.
You didn't know any spells.
Your spell library contained the following spells:

 Spells                   Type           Power      Damage    Failure   Level
 Scorch                   Fire           0%         2d5       86%         2
 Flame Wave               Conj/Fire      0%         2d4       100%        4
 Summon Cactus Giant      Summ           0%         N/A       100%        6


Dungeon Overview and Level Annotations

Branches:
Dungeon (1/1)

Altars:
Cheibriados
Dithmenos
Elyvilon
Fedhas
Gozag
Hepliaklqana
Kikubaaqudgha
Makhleb
Nemelex Xobeh
Okawaru
Qazlal
Ru
Sif Muna
Trog
Uskayaw
Vehumet
Wu Jian
Xom
Yredelemnul
Zin
The Shining One
Jiyva
Lugonu

Shops:
D =


Innate Abilities, Weirdness & Mutations

You have a pair of horns on your head.
You reflexively headbutt those who attack you in melee.
You are clumsy. (Dex -2)


Message History

Qazlal accepts your kill. Something hits you!
You feel protected from physical attacks.
Unknown command.
Unknown command.
Aiming: Upheaval
Press: ? - help, Dir - move target A storm cloud blasts the area with cutting wind!
The cutting wind hits the deep elf pyromancer!!!
You kill the deep elf pyromancer!
Qazlal accepts your kill. Something hits you!
You feel more protected from physical attacks.
Something hits you.
You feel more protected from physical attacks.
Unknown command.
Unknown command.
Unknown command.
You start resting.
You block something's attack.
You start resting.
You hear some strange, mumbled words.
A shard of ice appears from out of thin air!
The shard of ice is repelled.
Something completely misses you.
There is a strange disturbance nearby!
There is a strange disturbance nearby!
You hit something. Your headbutt misses something. Something hits you!
* * * LOW HITPOINT WARNING * * *
You hit something. Something hits you.
* * * LOW HITPOINT WARNING * * *
You feel more protected from physical attacks.
Unknown command.
You feel better. Something hits you!
* * * LOW HITPOINT WARNING * * *
You hear some strange, mumbled words.
A lance of force appears from out of thin air!
The lance of force hits you!
* * * LOW HITPOINT WARNING * * *
You are knocked back by the lance of force.
You slam into the stone wall!
You die...

▓▓▓▓▓▓▓▓▓
#######..#.##.########
_#__#∩##.).##..'@#...#
.#._#..)).....##.#...##≈
##)##.)))....###{#...≈≈≈
....#).))....###)#)..##≈
....#.)#...##..#≈)...#
###'#..###############
#...#)#####################
#...#....#.#.#.....#..^^^.+
#...##.#..#.##.###.#^^.^..#


There were no monsters in sight!

Vanquished Creatures
  Erolcha (D)
  A deep elf knight (D)
  4 deep elf pyromancers (D)
  An orc sorcerer (D)
  A shadow (D)
  A wyvern (D)
  2 redbacks (D)
  2 orc warriors (D)
  5 two-headed ogres (D)
  A water elemental (D)
  A necrophage (D)
  A jelly (D)
  2 orc priests (D)
  An arcanist (D)
  Jessica (D)
  A necromancer (D)
  3 orc wizards (D)
  2 humans (D)
  A kobold demonologist (D)
  A wolf (D)
  9 orcs (D)
  An endoplasm (D)
  A goblin (D)
  2 rats (D)
46 creatures vanquished.

Notes
Turn   | Place    | Note
-------+----------+-------------------------------------------
     0 | D        | Groucho the Minotaur Fighter began the quest for the Orb.
     0 | D        | Reached XP level 1. HP: 19/19 MP: 0/0
    10 | D        | Reached skill level 1 in Invocations
    25 | D        | Noticed Jessica
    35 | D        | Killed Jessica
    36 | D        | Reached skill level 3 in Invocations
    36 | D        | Reached XP level 2. HP: 20/28 MP: 0/3
   220 | D        | Reached XP level 3. HP: 34/34 MP: 4/4
   245 | D        | Reached skill level 5 in Fighting
   434 | D        | Reached skill level 5 in Armour
   434 | D        | Reached skill level 5 in Shields
   434 | D        | Reached skill level 4 in Invocations
   455 | D        | Noticed a water elemental
   462 | D        | Killed a water elemental
   463 | D        | Reached skill level 5 in Maces & Flails
   463 | D        | Reached skill level 5 in Invocations
   463 | D        | Reached XP level 4. HP: 10/44 MP: 5/7
   823 | D        | Noticed a shadow
   828 | D        | Killed a shadow
   829 | D        | Reached skill level 7 in Invocations
   829 | D        | Reached XP level 5. HP: 49/52 MP: 7/9
   829 | D        | Reached XP level 6. HP: 56/60 MP: 7/10
   836 | D        | Found a blossoming altar of Fedhas.
   836 | D        | Found a stormy altar of Qazlal.
   836 | D        | Found a snail-covered altar of Cheibriados.
   836 | D        | Found a burning altar of Makhleb.
   836 | D        | Found a shimmering altar of Xom.
   836 | D        | Noticed a spatial vortex
   837 | D        | Found a hazy altar of Hepliaklqana.
   837 | D        | Found an opulent altar of Gozag.
   837 | D        | Found a sparkling altar of Nemelex Xobeh.
   837 | D        | Found a corrupted altar of Lugonu.
   837 | D        | Found a viscous altar of Jiyva.
   839 | D        | HP: 3/60 [spatial vortex (6)]
  1197 | D        | Became a worshipper of Qazlal Stormbringer
  1209 | D        | Found a shadowy altar of Dithmenos.
  1216 | D        | Reached skill level 8 in Invocations
  1216 | D        | Found a basalt altar of Yredelemnul.
  1216 | D        | Found a sacrificial altar of Ru.
  1231 | D        | Found a radiant altar of Vehumet.
  1232 | D        | Found a shimmering blue altar of Sif Muna.
  1232 | D        | Found an ancient bone altar of Kikubaaqudgha.
  1235 | D        | Noticed a neqoxec
  1236 | D        | Reached * piety under Qazlal
  1238 | D        | Gained mutation: You are clumsy. (Dex -2) [a neqoxec]
  1502 | D        | Found a hide-covered altar of Uskayaw.
  1502 | D        | Found an iron altar of Okawaru.
  1503 | D        | Found a bloodstained altar of Trog.
  1503 | D        | Found an ornate altar of the Wu Jian Council.
  1503 | D        | Noticed a human
  1503 | D        | Noticed a human
  1508 | D        | a human changed into a wyvern
  1508 | D        | Noticed a wyvern
  1516 | D        | Killed a wyvern
  1517 | D        | Reached skill level 9 in Invocations
  1517 | D        | Reached XP level 7. HP: 52/69 MP: 12/12
  1521 | D        | Killed a human
  1521 | D        | Reached ** piety under Qazlal
  1603 | D        | Found a glowing silver altar of Zin.
  1604 | D        | Found a glowing golden altar of the Shining One.
  1604 | D        | Found a white marble altar of Elyvilon.
  1604 | D        | Noticed a deep elf pyromancer
  1608 | D        | Killed a deep elf pyromancer
  1609 | D        | Reached skill level 10 in Invocations
  1609 | D        | Reached XP level 8. HP: 79/79 MP: 14/14
  1640 | D        | Reached skill level 10 in Fighting
  1892 | D        | Noticed a two-headed ogre
  1901 | D        | Killed a two-headed ogre
  1902 | D        | Reached skill level 10 in Armour
  1902 | D        | Reached skill level 10 in Shields
  1902 | D        | Reached skill level 11 in Invocations
  2284 | D        | Noticed a two-headed ogre
  2284 | D        | Noticed Erolcha
  2286 | D        | Killed Erolcha
  2287 | D        | Reached skill level 10 in Maces & Flails
  2287 | D        | Reached skill level 12 in Invocations
  2287 | D        | Reached XP level 9. HP: 89/89 MP: 9/17
  2289 | D        | Killed a two-headed ogre
  2291 | D        | Reached *** piety under Qazlal
  2599 | D        | Found Nyaxejer's Jewellery Shoppe.
  2600 | D        | Noticed an orc sorcerer
  2600 | D        | Killed an orc sorcerer
  2600 | D        | Reached **** piety under Qazlal
  2601 | D        | Reached skill level 13 in Invocations
  2605 | D        | Reached ***** piety under Qazlal
  2682 | D        | Bought a +4 ring of slaying for 1092 gold pieces
  2682 | D        | Bought an amulet of reflection for 420 gold pieces
  2862 | D        | Noticed a deep elf knight
  2862 | D        | Noticed a deep elf pyromancer
  2862 | D        | Noticed a deep elf pyromancer
  2862 | D        | Noticed a deep elf knight
  2862 | D        | Noticed a deep elf pyromancer
  2871 | D        | Killed a deep elf pyromancer
  2872 | D        | Reached XP level 10. HP: 75/97 MP: 12/19
  2872 | D        | Killed a deep elf knight
  2873 | D        | Reached skill level 14 in Invocations
  2874 | D        | Killed a deep elf pyromancer
  2875 | D        | Killed a deep elf pyromancer
  2880 | D        | HP: 2/100 [something/lance of force (13)]
  2880 | D        | Collided with a stone wall

Illustrated notes

Levels and vault maps discovered:
D:        dungeon_sprint_mu [sprint_mu_entry_cave, sprint_mu_temple_rooms,
          sprint_mu_d1_spiders, sprint_mu_d2_genie, sprint_mu_d3_branching,
          sprint_mu_orc_legion, sprint_mu_elf_gauntlet, sprint_mu_hive_nellie,
          sprint_mu_lair_fedhas, sprint_mu_vaults_butterflies,
          sprint_mu_slime_circle, sprint_mu_swamp_cave, sprint_mu_snake_twists,
          sprint_mu_blade_basic, sprint_mu_crypt_lich, sprint_mu_tomb_spiral,
          sprint_mu_vestibule_basic, sprint_mu_gehenna_hellfire,
          sprint_mu_dis_giant, sprint_mu_tartarus_statrot,
          sprint_mu_cocytus_islands, sprint_mu_zot1]

Skill      XL: |  1  2  3  4  5  6  7  8  9 10 |
---------------+-------------------------------+-----
Invocations    | 3 5 7 9 10 12 13 14 | 14.5
Fighting       | 4 5 7 8 9 11 12 | 12.8
Maces & Flails | 3 5 6 8 9 10 11 12 | 12.6
Armour         | 4 5 7 8 9 10 11 12 | 12.5
Shields        | 4 5 7 8 9 10 11 12 | 12.5

Action                     |  1- 3 |  4- 6 |  7- 9 | 10-12 || total
---------------------------+-------+-------+-------+-------++-------
  Melee: Flail             |    24 |    28 |    28 |     2 ||    82
         Headbutt          |     4 |     2 |     7 |       ||    13
 Invoke: Upheaval          |       |       |    14 |     3 ||    17
  Evoke: Wand              |     3 |     1 |       |       ||     4
    Use: Potion            |     1 |     1 |     1 |     1 ||     4
         Scroll            |       |     1 |       |       ||     1
 Armour: Scale mail        |    16 |    21 |    18 |    10 ||    65
  Dodge: Dodged            |    12 |    12 |    12 |     1 ||    37
         Repelled          |       |       |       |     1 ||     1
  Block: Buckler           |     3 |     5 |     8 |     1 ||    17
